 Dungeon Crawl Stone Soup version 0.26-a0-1132-ge9770dfcb6 (webtiles) character file.

Game seed: 17611212411714047454

1377 Froggeryz the Slicer (level 8, -5/76 HPs)
             Began as a Halfling Fighter on Dec 20, 2020.
             Was an Initiate of Okawaru.
             Slain by an orc
             ... wielding a +0 trident
              (8 damage)
             ... on level 5 of the Dungeon.
             The game lasted 00:07:31 (5272 turns).

Froggeryz the Slicer (Halfling Fighter)             Turns: 5272, Time: 00:07:32

Health: -5/76      AC: -5    Str: 25    XL:     8   Next: 98%
Magic:  8/8        EV:  9    Int: 12    God:    Okawaru [......]
Gold:   327        SH: 11    Dex: 14    Spells: 7/7 levels left

rFire    . . .     SeeInvis .   a - +0 rapier
rCold    . . .     Faith    .   c - +1 kite shield
rNeg     . . .     Spirit   .   b - +0 scale mail
rPois    .         Reflect  .   (no helmet)
rElec    .         Harm     .   (no cloak)
rCorr    .         Rampage  .   (no gloves)
Will     .....                  (no boots)
Stlth    ..........             z - amulet of regeneration
HPRegen  0.62/turn              r - +6 ring of strength
MPRegen  0.11/turn              v - +6 ring of intelligence

@: berserking, corroded, very quick
A: small, mutation resistance 1
a: Renounce Religion


You were on level 5 of the Dungeon.
You worshipped Okawaru.
Okawaru was noncommittal.
You visited 2 branches of the dungeon, and saw 9 of its levels.

You collected 327 gold pieces.

Inventory:

Hand Weapons
 a - a +0 rapier (weapon)
 o - a +1 dagger of draining
Missiles
 e - 4 throwing nets (quivered)
 l - 16 poisoned darts
Armour
 b - a +0 scale mail (worn)
 c - a +1 kite shield (worn)
Jewellery
 r - a +6 ring of strength (left hand)
 v - a +6 ring of intelligence (right hand)
 z - an amulet of regeneration (around neck)
 B - an uncursed amulet of the acrobat {unknown}
Wands
 p - a wand of polymorph (16)
 y - a wand of digging (6)
 D - a wand of paralysis (9)
 F - a wand of flame (19)
 G - a wand of iceblast (8)
Scrolls
 g - 2 scrolls of fear
 h - 3 scrolls of teleportation
 j - 4 scrolls of magic mapping {unknown}
 t - 4 scrolls of identify
 u - 3 scrolls of remove curse
 w - a scroll of amnesia {unknown}
 x - 2 scrolls of enchant weapon {unknown}
 E - a scroll of random uselessness {unknown}
 H - a scroll of enchant armour
Potions
 d - a potion of might
 f - a potion of berserk rage
 i - 2 potions of curing {unknown}
 k - a potion of resistance {unknown}
 m - a potion of attraction {unknown}
 n - 2 potions of magic {unknown}
 q - 2 potions of mutation {unknown}
 s - a potion of flight {unknown}
 A - a potion of ambrosia {unknown}
Miscellaneous
 C - a condenser vane


   Skills:
 - Level 2.6 Fighting
 * Level 11.4 Short Blades
 - Level 3.2 Armour
 - Level 3.2 Shields
 + Level 3.8 Evocations


You had 7 spell levels left.
You didn't know any spells.
Your spell library was empty.

Dungeon Overview and Level Annotations

Branches:
Dungeon (8/15)             Temple (1/1) D:5
   Lair: D:8-11

Altars:
Ashenzari
Cheibriados
Dithmenos
Elyvilon
Fedhas
Gozag
Hepliaklqana
Kikubaaqudgha
Makhleb
Nemelex Xobeh
Okawaru
Qazlal
Ru
Sif Muna
Trog
Uskayaw
Wu Jian
Xom
Yredelemnul
Zin
The Shining One

Shops:
D:2 *


Innate Abilities, Weirdness & Mutations

You are small and have problems with some larger weapons.
You are somewhat resistant to further mutation.


Message History

There is an open door here.
You closely miss the orc. The orc hits you with a +0 trident!
* * * LOW HITPOINT WARNING * * *
You hit the orc but do no damage. The orc hits you with a +0 trident!
* * * LOW HITPOINT WARNING * * *
You hit the orc.
The orc is heavily wounded.
You block the jackal's attack.
Okay, then.
It was a potion of berserk rage.
A red film seems to cover your vision as you go berserk!
You feel yourself moving faster!
You feel mighty! The orc hits you with a +0 trident.
* * * LOW HITPOINT WARNING * * *
The jackal bites you.
* * * LOW HITPOINT WARNING * * *
You barely miss the orc.
The orc is heavily wounded.
You block the jackal's attack. The orc hits you with a +0 trident!
You die...

'... #.. #.#
##############.########
.......................
##.................
#..####............
#.##.$##...>.......
#.@h..[#.........##
#....#o...#.........##
#.[.#####$(##..........'
#..##.###'##..####'#####
##.#.....#####. #...
#.##.###'"[.## ...
#..###.#...$.# ....
##.5...#..(..#


You could see a shadow imp, an orc and a jackal.

Vanquished Creatures
  Sigmund (D:2)
  An ice beast (D:5)
  2 phantoms
  2 ogres
  A centaur (D:7)
  2 scorpions
  A jelly (D:5)
  A howler monkey (D:6)
  A hound (D:6)
  2 orc wizards (D:6)
  An orc priest (D:3)
  A bullfrog skeleton (D:6)
  Terence (D:1)
  3 worker ants
  A killer bee zombie (D:6)
  A worker ant zombie (D:5)
  15 adders
  A shadow imp (D:5)
  A white imp (D:5)
  An ufetubus (D:6)
  A worm (D:3)
  2 dart slugs
  2 leopard geckos
  20 orcs
  2 giant cockroaches (D:5)
  4 goblins
  4 hobgoblins
  9 jackals
  7 kobolds
  2 quokkas
  A ball python (D:1)
  9 bats
  3 frilled lizards
  A leopard gecko skeleton (D:4)
  2 quokka skeletons
  2 rats
111 creatures vanquished.

Notes
Turn   | Place    | Note
-------+----------+-------------------------------------------
     0 | D:1      | Froggeryz the Halfling Fighter began the quest for the Orb.
     0 | D:1      | Reached XP level 1. HP: 15/15 MP: 1/1
    90 | D:1      | Reached skill level 3 in Short Blades
    91 | D:1      | Reached XP level 2. HP: 14/20 MP: 2/2
   544 | D:1      | Reached skill level 4 in Short Blades
   544 | D:1      | Reached XP level 3. HP: 25/25 MP: 3/3
  1033 | D:2      | Found an opulent altar of Gozag.
  1038 | D:2      | Found Gozag's Platinum Reserve.
  1097 | D:2      | Reached skill level 5 in Short Blades
  1097 | D:2      | Reached XP level 4. HP: 29/30 MP: 4/4
  1159 | D:2      | Noticed Sigmund
  1466 | D:2      | Noticed Terence
  1535 | D:1      | Killed Terence
  1611 | D:2      | Killed Sigmund
  1612 | D:2      | Reached skill level 7 in Short Blades
  1612 | D:2      | Reached XP level 5. HP: 21/35 MP: 5/5
  1612 | D:2      | Reached XP level 6. HP: 25/41 MP: 6/6
  2835 | D:3      | Reached skill level 8 in Short Blades
  3337 | D:4      | Reached XP level 7. HP: 39/45 MP: 7/7
  3441 | D:4      | Reached skill level 9 in Short Blades
  4015 | D:5      | Entered Level 5 of the Dungeon
  4068 | D:5      | You fall into a shaft and drop 3 floors!
  4119 | D:8      | Reached skill level 1 in Evocations
  4247 | D:7      | Found a blossoming altar of Fedhas.
  4260 | D:7      | Reached XP level 8. HP: 42/51 MP: 8/8
  4281 | D:7      | Reached skill level 10 in Short Blades
  4449 | D:5      | Found a staircase to the Ecumenical Temple.
  4797 | D:6      | Reached skill level 11 in Short Blades
  5043 | Temple   | Entered the Ecumenical Temple
  5198 | Temple   | Became a worshipper of Warmaster Okawaru
  5271 | D:5      | HP: 3/76 [jackal (1)]
  5272 | D:5      | Slain by an orc

Illustrated notes

Levels and vault maps discovered:
D:1:      lightli_arrival_quake, layout_basic
D:2:      layout_loops_ring, nicolae_gozag_zags_fifth_avenue, uniq_sigmund,
          uniq_terence
D:3:      lemuel_upstairs_altar, layout_basic
D:4:      minmay_clustersquares, layout_loops_ring,
          nicolae_overflow_hidden_temple
D:5:      layout_gridville, minmay_temple_entry_from_below_a,
          hangedman_decor_diamond_cutter, minivault_1, minmay_misc_feat_rows,
          kennysheep_pointless_box, minmay_joined_circles, uniq_blork_the_orc
D:6:      layout_layer_cave, serial_shops, shop, nicolae_dithmenos_shadow_blocks
D:7:      layout_gridville, fedhas_bush_and_centaur_altar, basic_altar
D:8:      layout_layer_cave, david_lair_generic, uniq_joseph, uniq_maurice,
          uniq_maggie, uniq_harold
Temple:   regret_index_temple_chain_breaker

Skill      XL: |  1  2  3  4  5  6  7  8 |
---------------+-------------------------+-----
Short Blades   | 3 4 5 7 8 9 11 | 11.4
Evocations     | 1 3 |  3.8
Fighting       | |  2.6
Armour         | |  3.2
Shields        | |  3.2

Action                   |  1- 3 |  4- 6 |  7- 9 || total
-------------------------+-------+-------+-------++-------
Melee: Rapier            |    57 |    72 |    99 ||   228
       Unarmed           |       |    16 |       ||    16
       Dagger            |       |    56 |   167 ||   223
Throw: Dart              |       |       |     3 ||     3
  Use: Scroll            |       |     6 |       ||     6
       Potion            |       |       |     1 ||     1
Armor: Scale mail        |    24 |    21 |    35 ||    80
       Skin              |       |     2 |       ||     2
Dodge: Dodged            |    27 |    32 |    57 ||   116
Block: Kite shield       |    34 |    48 |   109 ||   191

Table legend: (Time is in decaauts)
 A = Elapsed time spent in this place.
 B = Non-inter-level travel time spent in this place.
 C = Inter-level travel time spent in this place.
 D = Time resting spent in this place.
 E = Time spent auto-exploring this place.
 F = Levels seen in this place.
 G = Mean time per level.
                   A        B        C        D        E       F      G
               +--------+--------+--------+--------+--------+-----+--------+
         Total |   5156 |   4824 |    332 |    541 |   3210 |   9 |  572.9 |
       Dungeon |   4986 |   4697 |    289 |    541 |   3085 |   8 |  623.2 |
        Temple |    170 |    127 |     43 |      0 |    125 |   1 |  170.0 |
               +--------+--------+--------+--------+--------+-----+--------+

Top non-repeatable levels by time:
     D:3: 1071 daAuts
     D:2: 987 daAuts
     D:4: 957 daAuts
     D:1: 951 daAuts
     D:6: 393 daAuts
     D:5: 389 daAuts
  Temple: 170 daAuts
     D:8: 119 daAuts
     D:7: 115 daAuts
